 Dungeon Crawl Stone Soup version 0.31-a0-1074-g0b22e4e0f1 (webtiles) character file.

Game seed: 10766284329031167965

829 IdlyInterested the Fighter (level 7, -1/60 (62) HPs)
             Began as a Demonspawn Fighter on Nov 29, 2023.
             Slain by a wight
             ... wielding a +0 halberd
              (4 damage)
             ... on level 6 of the Dungeon.
             The game lasted 00:11:38 (4214 turns).

IdlyInterested the Fighter (Demonspawn Fighter)     Turns: 4214, Time: 00:11:38

HP:   -1/60 (62)    AC: 13    Str: 18    XL:     7   Next: 65%
MP:   7/7           EV:  6    Int: 10    God:
Gold: 373           SH:  8    Dex: 12    Spells: 6/6 levels left

rFire   . . .        a - +0 war axe
rCold   . . .        p - +0 kite shield
rNeg    . . .        y - +0 chain mail
rPois   .            m - +0 helmet
rElec   .            o - scarf {harm}
rCorr   .            w - +2 pair of gloves
SInv    .            (no boots)
Will    .....        (no amulet) Stlth
                     (no ring)
HPRegen 0.30/turn    (no ring)
MPRegen 0.10/turn

%: harm (+30% outgoing, +20% incoming)
@: lightly drained
A: hooves 2, demonic guardian 1
a: no special abilities


You were on level 6 of the Dungeon.
You visited 2 branches of the dungeon, and saw 7 of its levels.

You collected 373 gold pieces.

Inventory:

Hand Weapons
 a - a +0 war axe (weapon)
 q - a +2 dagger of draining
 A - a +0 morningstar
Missiles
 g - 6 curare-tipped darts
 s - 7 poisoned darts (quivered)
 v - 2 boomerangs
 x - 8 stones
Armour
 c - a +0 buckler
 m - a +0 helmet (worn)
 o - a scarf of harm (worn)
 p - a +0 kite shield (worn)
 w - a +2 pair of gloves (worn)
 y - a +0 chain mail (worn)
Magical Staves
 e - a staff of cold
 l - a staff of earth
Wands
 f - a wand of paralysis (3)
Scrolls
 i - a scroll of amnesia
 k - 2 scrolls of poison
 n - a scroll of fear
 r - 2 scrolls of fog
 u - a scroll of brand weapon
Potions
 b - a potion of brilliance {unknown}
 d - a potion of might
 h - a potion of lignification
 j - a potion of curing
 t - a potion of resistance {unknown}
 z - a potion of haste {unknown}


   Skills:
 + Level 8.2 Fighting
 - Level 1.7 Axes
 - Level 1.0 Throwing
 + Level 3.3 Armour
 - Level 1.0 Dodging
 - Level 2.0 Stealth
 - Level 2.6 Shields
 - Level 1.0 Evocations


You had 6 spell levels left.
You didn't know any spells.
Your spell library contained the following spells:

 Spells                   Type           Power      Damage    Failure   Level
 Magic Dart               Conj           0%         1d3       100%        1
 Summon Small Mammal      Summ           0%         N/A       100%        1
 Ensorcelled Hibernation  Hex/Ice        0%         N/A       100%        2
 Passwall                 Tmut/Erth      0%         N/A       100%        2
 Searing Ray              Conj           0%         2d4       100%        2
 Call Canine Familiar     Summ           0%         N/A       100%        3
 Summon Guardian Golem    Hex/Summ       0%         N/A       100%        3
 Swiftness                Air            0%         N/A       100%        3
 Fulminant Prism          Conj/Hex       0%         3d5       100%        4


Dungeon Overview and Level Annotations

Branches:
Dungeon (6/15)             Temple (1/1) D:4

Altars:
Ashenzari
Cheibriados
Dithmenos
Fedhas
Gozag
Hepliaklqana
Kikubaaqudgha
Makhleb
Nemelex Xobeh
Okawaru
Ru
Sif Muna
Trog
Uskayaw
Vehumet
Wu Jian
Xom
Yredelemnul

Shops:
D:3 [


Innate Abilities, Weirdness & Mutations

You have hoof-like feet.
A weak demonic guardian rushes to your aid.


Message History

You see here a +2 pair of gloves.
w - a +2 pair of gloves You start putting on your armour.
You continue putting on your +2 pair of gloves. x4
HP restored.
You finish putting on your +2 pair of gloves.
A wight comes into view. It is wielding a +3 morningstar.
A wight comes into view. It is wielding a +0 battleaxe.
Found a stone staircase leading down.
A wight comes into view. It is wielding a +0 halberd.
You slash the wight!
The wight is severely damaged.
The wight hits you with a +3 morningstar.
The wight closely misses you.
You hit the wight but do no damage. You kick the wight.
You destroy the wight!
You block the wight's attack.
The wight hits you from afar with a +0 halberd!
You closely miss the wight. You block the wight's attack. x2
Unknown command.
You closely miss the wight. The wight hits you but does no damage.
The wight barely misses you. The wight hits you but does no damage.
The wight hits you with a +0 battleaxe!
You hit the wight. You kick the wight!
The wight is severely damaged.
The wight hits you from afar with a +0 halberd!
* * * LOW HITPOINT WARNING * * *
The wight hits you with a +0 battleaxe!
* * * LOW HITPOINT WARNING * * *
A demonic guardian appears!
You hit the wight.
You destroy the wight!
The wight hits you but does no damage. The wight barely misses you.
You feel better. You block the wight's attack.
You swap places.
A wight comes into view. It is wielding a +0 dire flail.
Found a scroll labelled VETHUI ADUABE.
The wight hits you with a +0 halberd!
* * * LOW HITPOINT WARNING * * *
You feel drained.
You die...

.............##.##..#.
.......#.....##..#....?#
......#......#..........
.....#.......#..........
.......)................
........................
..####..........#......#
.>#........###..#...#..#
#...........#...@z......
...............)5......z
........................
.........##########.....
..#.....## #....
.......## .... .......#
.>. .......# .. .......#


You could see 2 wights and a friendly shadow imp (summoned).

Vanquished Creatures
  A phantom (D:6)
  A scorpion (D:4)
  2 wights (D:6)
  2 hounds
  A jelly (D:5)
  5 orc priests (D:4)
  A sleepcap (D:5)
  Terence (D:2)
  4 iguanas
  Robin (D:2)
  6 adders
  A worm (D:2)
  2 dart slugs
  16 orcs
  9 ball pythons
  9 endoplasms
  2 giant cockroaches
  10 goblins
  6 hobgoblins
  4 jackals
  8 kobolds
  A quokka (D:4)
  5 bats
  A frilled lizard (D:2)
  2 rats (D:3)
101 creatures vanquished.

Vanquished Creatures (collateral kills)
  An orc priest (D:4)
  The ghost of petzl the Sneak, a weakling FoDe (D:3)
  4 orcs
  2 ball pythons
8 creatures vanquished.

Grand Total: 109 creatures vanquished

Notes
Turn   | Place    | Note
-------+----------+-------------------------------------------
     0 | D:1      | IdlyInterested the Demonspawn Fighter began the quest for
                  | the Orb.
     0 | D:1      | Reached XP level 1. HP: 18/18 MP: 1/1
   238 | D:1      | Gained mutation: You have large cloven feet. [demonic
                  | ancestry]
   238 | D:1      | Reached XP level 2. HP: 22/24 MP: 2/2
   762 | D:2      | Noticed Robin
   776 | D:2      | Reached skill level 4 in Fighting
   778 | D:2      | Killed Robin
   779 | D:2      | Gained mutation: A weak demonic guardian rushes to your
                  | aid. [demonic ancestry]
   779 | D:2      | Reached XP level 3. HP: 28/30 MP: 3/3
   989 | D:2      | Noticed Terence
   998 | D:2      | Killed Terence
   999 | D:2      | Reached XP level 4. HP: 35/38 MP: 4/4
  1317 | D:3      | Reached skill level 5 in Fighting
  1351 | D:3      | Found a runed translucent gate.
  1351 | D:3      | Found a runed translucent gate.
  1351 | D:3      | Found a runed translucent gate.
  1351 | D:3      | Noticed petzl's ghost (weakling FoDe)
  1512 | D:3      | Found Dyschunt's Armour Emporium.
  1851 | D:3      | Reached XP level 5. HP: 44/44 MP: 5/5
  1962 | D:3      | Reached skill level 1 in Throwing
  1962 | D:3      | Killed petzl's ghost
  2197 | D:4      | Reached skill level 6 in Fighting
  2339 | D:4      | Reached skill level 1 in Evocations
  2418 | D:4      | Found a staircase to the Ecumenical Temple.
  2427 | Temple   | Entered the Ecumenical Temple
  2634 | D:4      | Reached skill level 1 in Dodging
  2634 | D:4      | Gained mutation: You have hoof-like feet. [demonic
                  | ancestry]
  2634 | D:4      | Reached XP level 6. HP: 48/53 MP: 6/6
  3312 | D:4      | Reached skill level 7 in Fighting
  3366 | D:4      | Reached XP level 7. HP: 31/60 MP: 7/7
  3581 | D:5      | Entered Level 5 of the Dungeon
  3679 | D:5      | Reached skill level 1 in Stealth
  3896 | D:5      | Found a hazy altar of Hepliaklqana.
  4109 | D:5      | Found a shimmering altar of Xom.
  4180 | D:6      | Reached skill level 8 in Fighting
  4214 | D:6      | HP: 3/62 [wight/+0 halberd (9)]
  4214 | D:6      | Slain by a wight

Illustrated notes

Levels and vault maps discovered:
D:1:      dpeg_arrival_round_b, layout_rooms
D:2:      layout_loops_cross, serial_glass, glass_columns_a, glass_columns_a,
          uniq_robin, uniq_terence
D:3:      layout_rooms, serial_shops, shop, gammafunk_ghost_split,
          nicolae_concentric_dashed_squares_wild, minmay_misc_feat_roman,
          minivault_27, fountainhead
D:4:      layout_basic, minmay_temple_entry_statues, hangedman_decor_opposing,
          nicolae_zig_zag_zippers
D:5:      layout_rooms, marbit_many_paths, nicolae_hepliaklqana_hazy_memory
D:6:      layout_cave_pools, serial_gnoll_camp, gnoll_camp_mini_basic,
          gnoll_camp_mini_hut, gnoll_camp_medium_02, grums_kennel
Temple:   regret_index_temple_chain_breaker

Skill      XL: |  1  2  3  4  5  6  7 |
---------------+----------------------+-----
Armour         | 3 |  3.3
Fighting       | 4 5 6 7 8 |  8.2
Throwing       | 1 |  1.0
Evocations     | 1 |  1.0
Dodging        | 1 |  1.0
Stealth        | 2 |  2.0
Axes           | |  1.7
Shields        | |  2.6

Action                     |  1- 3 |  4- 6 |  7- 9 || total
---------------------------+-------+-------+-------++-------
  Melee: War axe           |    79 |   143 |    39 ||   261
         Kick              |    14 |    38 |    14 ||    66
  Throw: Dart              |       |     6 |       ||     6
         Stone             |       |       |     3 ||     3
    Use: Potion            |     1 |     1 |     1 ||     3
         Scroll            |       |     5 |       ||     5
 Armour: Scale mail        |    79 |   103 |       ||   182
         Chain mail        |       |    18 |    43 ||    61
  Dodge: Dodged            |    39 |    66 |    10 ||   115
  Block: Buckler           |    11 |    35 |     3 ||    49
         Kite shield       |       |       |    12 ||    12

Table legend: (Time is in decaauts)
 A = Elapsed time spent in this place.
 B = Non-inter-level travel time spent in this place.
 C = Inter-level travel time spent in this place.
 D = Time resting spent in this place.
 E = Time spent auto-exploring this place.
 F = Levels seen in this place.
 G = Mean time per level.
                   A        B        C        D        E       F      G
               +--------+--------+--------+--------+--------+-----+--------+
         Total |   4334 |   4142 |    192 |    774 |   2284 |   7 |  619.1 |
       Dungeon |   4332 |   4140 |    192 |    774 |   2284 |   6 |  722.0 |
        Temple |      1 |      1 |      0 |      0 |      0 |   1 |    1.0 |
               +--------+--------+--------+--------+--------+-----+--------+

Top non-repeatable levels by time:
     D:4: 1506 daAuts
     D:3: 841 daAuts
     D:2: 808 daAuts
     D:5: 558 daAuts
     D:1: 543 daAuts
     D:6: 75 daAuts
  Temple: 1 daAuts
